[Event "Titled Tuesday Blitz May 10 Early 2022"]
[White "Priyanka, K"]
[Black "Tristan, Leonardo"]
[WhiteFideId "5082986"]
[BlackFideId "113816"]
[WhiteElo "1905"]
[BlackElo "2404"]
[Result "0-1"]
[Round "06"]
[TimeControl "180+1"]
[Date "2022.05.11"]
[WhiteClock "0:00:01"]
[BlackClock "0:00:31"]

1. e4 d5 2. exd5 Qxd5 3. Nc3 Qa5 4. d4 Nf6 5. Bc4 Bg4 6. Ne2 Nc6 7. f3 Bf5 8. Bd2 O-O-O 9. Nd5 Qa4 10. Bb3 Qa6 11. Ne3 Bg6 12. c3 e5 13. d5 Na5 14. c4 Qb6 15. Nc3 Nxb3 16. axb3 e4 17. f4 Bh5 18. g4 Nxg4 19. Nxg4 f5 20. Be3 Bc5 21. Na4 Bb4+ 22. Kf2 Qd6 23. c5 Qe7 24. Qd4 Bxg4 25. Qxb4 Qh4+ 26. Kf1 Bh3+ 27. Ke2 Qg4+ 28. Ke1 Qf3 29. Kd2 Rxd5+ 30. Bd4 Rhd8 31. Kc2 Rxd4 32. Qc3 Qg2+ 33. Kb1 Qxh1+ 34. Ka2 Qf3 35. Qa5 Kb8 36. c6 e3 0-1


[Site "https://www.chess.com"]

[Event "Titled Tuesday Blitz May 10 Early 2022"]
[White "Przybylski, Wojciech"]
[Black "Olsen, Filip Boe"]
[WhiteFideId "1117599"]
[BlackFideId "1440640"]
[WhiteElo "2133"]
[BlackElo "2247"]
[Result "0-1"]
[Round "06"]
[TimeControl "180+1"]
[Date "2022.05.11"]
[WhiteClock "0:00:01"]
[BlackClock "0:01:13"]

1. d4 Nf6 2. c4 e6 3. Nf3 d5 4. Nc3 dxc4 5. e4 b5 6. e5 Nd5 7. Nxb5 Nb6 8. Be2 Nc6 9. O-O Be7 10. Be3 O-O 11. Rc1 Ba6 12. Nc3 Rb8 13. Rc2 Nb4 14. Rc1 N6d5 15. Bd2 Nxc3 16. bxc3 Nd3 17. Bxd3 cxd3 18. c4 c5 19. Be3 cxd4 20. Nxd4 Rb2 21. Nc6 Qd7 22. Nxe7+ Qxe7 23. Qxd3 Rxa2 24. Ra1 Rd8 25. Qxd8+ Qxd8 26. Rxa2 Bxc4 27. Rd2 Bd5 28. Bxa7 Qa5 29. Be3 Qc3 30. Rd4 h6 31. h3 Qb2 32. Kh2 Kh7 33. Rfd1 Qb5 34. Bf4 Qe2 35. Bg3 Qc2 36. R4d2 Qe4 37. f3 Qf5 38. Rb2 Qg5 39. h4 Qe3 40. Ra1 Qc3 41. Rbb1 Qd4 42. Rd1 Qb2 43. Rab1 Qe2 44. Re1 Qd2 45. Rbd1 Qc2 46. Rc1 Qf5 47. Rf1 g5 48. hxg5 hxg5 49. Rcd1 Kg6 50. Rd4 Qc2 51. Rf2 Qc1 52. Rg4 Kh5 53. Re2 Qd1 54. Rf2 Bb3 55. Rb4 Bc2 56. Rb8 Qd4 57. Rh8+ Kg6 58. Rxc2 g4 59. Rg8+ Kh7 60. Rxg4 Qd3 61. Rf2 Qf5 62. Kg1 Qb1+ 63. Rf1 Qb6+ 0-1


[Site "https://www.chess.com"]

[Event "Titled Tuesday Blitz May 10 Early 2022"]
[White "Qashashvili, Alexandre"]
[Black "Bas Mas, Jose Joaquin"]
[WhiteFideId "13600842"]
[BlackFideId "22219064"]
[WhiteElo "2316"]
[BlackElo "2233"]
[Result "1-0"]
[Round "06"]
[TimeControl "180+1"]
[Date "2022.05.11"]
[WhiteClock "0:00:53"]
[BlackClock "0:00:26"]

1. e4 c5 2. Nc3 e6 3. Nf3 Nc6 4. d3 g6 5. Be3 d6 6. Ke2 Bg7 7. Qd2 Nge7 8. Kd1 Rb8 9. Bh6 Bxh6 10. Qxh6 b5 11. Ng5 Ng8 12. Qg7 Qf6 13. Qxf6 Nxf6 14. a3 h6 15. Nf3 Kf8 16. h3 Kg7 17. Be2 a6 18. Kd2 d5 19. exd5 exd5 20. Rhe1 d4 21. Ne4 Nxe4+ 22. dxe4 Be6 23. Nh2 c4 24. Bg4 c3+ 25. bxc3 dxc3+ 26. Kxc3 Bc4 27. Be2 Rhc8 28. Bxc4 Ne5 29. Nf3 Nxc4 30. Kb3 a5 31. Rad1 a4+ 32. Ka2 b4 33. axb4 a3 34. c3 Nb2 35. Rc1 Nd3 36. Kxa3 Nxe1 37. Nxe1 f5 38. exf5 gxf5 39. Nd3 Rd8 40. Rd1 Kf6 41. Kb3 Rg8 42. g3 Rge8 43. Nf4 Re2 44. Nxe2 Re8 45. Nf4 Re2 46. Nxe2 1-0


[Site "https://www.chess.com"]

[Event "Titled Tuesday Blitz May 10 Early 2022"]
[White "Quirke, Jeffrey"]
[Black "Needleman, Alejandro"]
[WhiteFideId "2013029"]
[BlackFideId "100730"]
[WhiteElo "2140"]
[BlackElo "2348"]
[Result "1-0"]
[Round "06"]
[TimeControl "180+1"]
[Date "2022.05.11"]
[WhiteClock "0:00:07"]
[BlackClock "0:00:15"]

1. c4 e5 2. g3 Nf6 3. Bg2 d5 4. cxd5 Nxd5 5. Nc3 Nf6 6. e3 Nc6 7. Nge2 Bc5 8. O-O O-O 9. f4 Bb6 10. fxe5 Nxe5 11. b3 Nd3 12. Ba3 Re8 13. Nf4 Bf5 14. Ncd5 Nxf4 15. Nxf4 c6 16. Nd5 Nxd5 17. Rxf5 g6 18. Rf1 Qg5 19. Kh1 Rad8 20. Qc2 h5 21. Bb2 h4 22. e4 Nc7 23. gxh4 Qxh4 24. Rf3 Qxe4 25. Rh3 Qxg2+ 26. Kxg2 Bd4 27. Bxd4 Rxd4 28. Rf1 Ne6 29. Rhf3 Ng5 30. R3f2 Rg4+ 31. Kh1 Re7 32. Qd3 Kg7 33. Rg2 Rxg2 34. Kxg2 Ne6 35. Qc3+ Kg8 36. Qf6 Rd7 37. d3 g5 38. Re1 Nf4+ 39. Kf3 Rxd3+ 40. Kg4 Ne6 41. Rxe6 Rd4+ 42. Kxg5 fxe6 43. Qxd4 Kf7 44. Qf6+ Ke8 45. Qg7 Kd8 46. Kf6 Kc8 47. Kxe6 Kb8 48. Kd6 a5 49. Qc7+ Ka7 50. Qxa5+ Kb8 51. h4 c5 52. h5 c4 53. bxc4 Kc8 54. Qc7# 1-0


[Site "https://www.chess.com"]

[Event "Titled Tuesday Blitz May 10 Early 2022"]
[White "Rahman, Adel"]
[Black "Omariev, Maksim"]
[WhiteFideId "14204177"]
[BlackFideId "4193423"]
[WhiteElo "2175"]
[BlackElo "2518"]
[Result "1-0"]
[Round "06"]
[TimeControl "180+1"]
[Date "2022.05.11"]
[WhiteClock "0:01:19"]
[BlackClock "0:00:02"]

1. e4 c5 2. Nf3 d6 3. d4 cxd4 4. Nxd4 Nf6 5. Nc3 a6 6. Bg5 Nbd7 7. Bc4 Qb6 8. Bb3 e6 9. Qd2 Be7 10. O-O-O Nc5 11. Bxf6 Bxf6 12. f4 Bd7 13. g4 O-O-O 14. g5 Be7 15. f5 Kb8 16. Kb1 Rc8 17. Rhf1 Nxb3 18. cxb3 Rc5 19. fxe6 Bxg5 20. Qg2 fxe6 21. Rf7 Bc8 22. Na4 Qd8 23. Rxg7 Bf6 24. Rf7 Rg5 25. Qf2 Be5 26. Nc6+ bxc6 27. Qa7# 1-0


[Site "https://www.chess.com"]

[Event "Titled Tuesday Blitz May 10 Early 2022"]
[White "Reprintsev, Alexander"]
[Black "Riehle, Marco"]
[WhiteFideId "14100541"]
[BlackFideId "12904392"]
[WhiteElo "2108"]
[BlackElo "2462"]
[Result "0-1"]
[Round "06"]
[TimeControl "180+1"]
[Date "2022.05.11"]
[WhiteClock "0:00:09"]
[BlackClock "0:01:19"]

1. e4 e5 2. f4 exf4 3. Bc4 Ne7 4. Nc3 c6 5. d4 d5 6. Bb3 dxe4 7. Bxf4 Nd5 8. Bxb8 Rxb8 9. Nxe4 Bb4+ 10. c3 Qh4+ 11. Nf2 Nxc3 12. bxc3 Bxc3+ 13. Kf1 Bxa1 14. Nf3 Qf4 15. Qe1+ Be6 16. Bxe6 fxe6 17. Qxe6+ Kd8 18. Nd3 Qf6 19. Qc4 Kc7 20. Kf2 b5 21. Qc5 Bxd4+ 22. Qxd4 Qxd4+ 23. Nxd4 Kb6 24. Nb3 Rbd8 25. Ke3 Rhe8+ 26. Kd2 c5 27. Nxc5 Re5 28. Kc3 Rxc5+ 29. Nxc5 Kxc5 30. Rf1 b4+ 31. Kc2 Rd7 32. Rf5+ Rd5 33. Rf7 Rg5 34. g3 a5 35. Kd3 h5 36. Rc7+ Kb5 37. Ra7 Ka4 38. Kc2 Ka3 39. Kb1 Re5 40. Rxg7 Re1+ 41. Kc2 Kxa2 42. Kd2 Re5 0-1


[Site "https://www.chess.com"]

[Event "Titled Tuesday Blitz May 10 Early 2022"]
[White "Risteski, Emil"]
[Black "Sahil, Tickoo"]
[WhiteFideId "15005267"]
[BlackFideId "5019710"]
[WhiteElo "2070"]
[BlackElo "2099"]
[Result "0-1"]
[Round "06"]
[TimeControl "180+1"]
[Date "2022.05.11"]
[WhiteClock "0:00:56"]
[BlackClock "0:00:06"]

1. e4 c5 2. Be2 Nc6 3. d3 g6 4. f4 Bg7 5. Nf3 d6 6. O-O e6 7. c3 Nge7 8. Be3 O-O 9. Qe1 b6 10. Na3 Bb7 11. Nc2 Rc8 12. Kh1 Qd7 13. Qf2 a6 14. Rae1 b5 15. Qh4 b4 16. Bd2 bxc3 17. bxc3 d5 18. e5 Nf5 19. Qf2 d4 20. c4 Rb8 21. Ng5 Ba8 22. Bc1 Nb4 23. Nxb4 Rxb4 24. Bf3 Bxf3 25. Qxf3 Rfb8 26. Ne4 Qc7 27. g4 Ne3 28. Bxe3 dxe3 29. Qxe3 Rb2 30. Rf2 Rxf2 31. Qxf2 Qa5 32. Re2 Rb1+ 33. Kg2 Qa4 34. Nc3 Qc6+ 35. Qf3 Rg1+ 36. Kf2 Rf1+ 37. Kxf1 Qxf3+ 38. Ke1 Qxg4 39. Ne4 Qxf4 40. Nxc5 Qh4+ 41. Kd2 Qd4 42. Nb3 Qb2+ 43. Ke1 Qa3 44. d4 Qb4+ 45. Nd2 a5 46. Kd1 Bh6 47. Ne4 Qb1# 0-1


[Site "https://www.chess.com"]

[Event "Titled Tuesday Blitz May 10 Early 2022"]
[White "Rodchenkov, Sergey D."]
[Black "Mirzoev, Azer"]
[WhiteFideId "4168712"]
[BlackFideId "13400304"]
[WhiteElo "2306"]
[BlackElo "2525"]
[Result "1-0"]
[Round "06"]
[TimeControl "180+1"]
[Date "2022.05.11"]
[WhiteClock "0:00:20"]
[BlackClock "0:00:01"]

1. e4 c6 2. d4 d5 3. e5 Bf5 4. Nf3 e6 5. Be2 Nd7 6. O-O Ne7 7. Nbd2 Nc8 8. c4 Be7 9. b3 O-O 10. Bb2 h6 11. Re1 a5 12. a3 Bh7 13. Nf1 Ncb6 14. c5 Nc8 15. b4 f6 16. exf6 Bxf6 17. Bd3 Bxd3 18. Qxd3 Re8 19. Ng3 Nf8 20. Nh5 Qe7 21. Ne5 Bxe5 22. Rxe5 Qf7 23. bxa5 Rxa5 24. Bc3 Ra8 25. Bd2 Ne7 26. Rae1 Nf5 27. Nf4 Ra4 28. Bb4 Nh4 29. Qg3 Nhg6 30. Nxg6 Nxg6 31. R5e3 Kh7 32. h4 Raa8 33. Rf3 Qe7 34. h5 Nf8 35. Bd2 Ra4 36. Rf4 Rea8 37. Re3 Qe8 38. Ref3 Nd7 39. Rf7 Qg8 40. Bxh6 1-0


[Site "https://www.chess.com"]

[Event "Titled Tuesday Blitz May 10 Early 2022"]
[White "Rohith Krishna S"]
[Black "Fedoseev, Vladimir"]
[WhiteFideId "46617051"]
[BlackFideId "24130737"]
[WhiteElo "2117"]
[BlackElo "2726"]
[Result "0-1"]
[Round "06"]
[TimeControl "180+1"]
[Date "2022.05.10"]
[WhiteClock "0:01:45"]
[BlackClock "0:01:08"]

1. d4 Nf6 2. Nf3 g6 3. g3 Bg7 4. Bg2 O-O 5. O-O b5 6. Ne5 c6 7. a4 b4 8. c4 a5 9. b3 Bb7 10. Bb2 d6 11. Nd3 Nfd7 12. Nd2 Na6 13. e4 e5 14. d5 Ndc5 15. Nxc5 Nxc5 16. Qc2 Rc8 17. Rad1 cxd5 18. exd5 f5 19. Rfe1 Rc7 20. Nf3 Bc8 21. h4 f4 22. Ng5 Bf5 23. Ne4 Rcf7 24. Bc1 f3 0-1


[Site "https://www.chess.com"]

[Event "Titled Tuesday Blitz May 10 Early 2022"]
[White "Rustemov, Alexander"]
[Black "Vovk, Orest"]
[WhiteFideId "4119002"]
[BlackFideId "14113490"]
[WhiteElo "2707"]
[BlackElo "2203"]
[Result "1-0"]
[Round "06"]
[TimeControl "180+1"]
[Date "2022.05.11"]
[WhiteClock "0:00:20"]
[BlackClock "0:00:03"]

1. d4 e5 2. dxe5 Nc6 3. Nf3 Qe7 4. Bg5 Qb4+ 5. Bd2 Qxb2 6. Nc3 Bb4 7. Rb1 Qxc3 8. Bxc3 Bxc3+ 9. Nd2 Nxe5 10. Rb3 Ba5 11. e3 Nf6 12. Bd3 d5 13. O-O O-O 14. Nf3 Nxf3+ 15. Qxf3 c6 16. h3 b5 17. Bf5 Bxf5 18. Qxf5 Ne4 19. Rd1 g6 20. Qf3 Nd2 21. Rxd2 Bxd2 22. c3 b4 23. cxb4 a5 24. b5 cxb5 25. Rxb5 Bc3 26. Qxd5 Rad8 27. Qb3 Rc8 28. Rb7 Be5 29. g3 h5 30. h4 Rc3 31. Qd5 Rc1+ 32. Kg2 Bc7 33. Qg5 Rc2 34. a4 Rc4 35. Qe7 Bb8 36. Qd7 Rc2 37. Qb5 Bc7 38. Qd7 Bb8 39. Kf3 Be5 40. Qd5 Bb8 41. Qb3 Rc6 42. Rxb8 Rf6+ 43. Kg2 Rb6 44. Rxb6 1-0


[Site "https://www.chess.com"]

[Event "Titled Tuesday Blitz May 10 Early 2022"]
[White "Sadykov, Ramil"]
[Black "Vifleemskaia, Svetlana"]
[WhiteFideId "24113590"]
[BlackFideId "4129490"]
[WhiteElo "2280"]
[BlackElo "1929"]
[Result "1-0"]
[Round "06"]
[TimeControl "180+1"]
[Date "2022.05.11"]
[WhiteClock "0:01:47"]
[BlackClock "0:00:13"]

1. d4 Nf6 2. Nc3 d5 3. Bf4 a6 4. e3 c5 5. Nf3 Nc6 6. Ne5 cxd4 7. exd4 Bf5 8. g4 Bg6 9. h4 Nb4 10. Rc1 e6 11. h5 Bxc2 12. Rxc2 Nxc2+ 13. Qxc2 Qb6 14. Qa4+ Ke7 15. g5 Rd8 16. gxf6+ gxf6 17. Nd3 Rc8 18. Bh3 Rc4 19. Nxd5+ exd5 20. Qd7# 1-0


[Site "https://www.chess.com"]

[Event "Titled Tuesday Blitz May 10 Early 2022"]
[White "Samant Aditya S"]
[Black "Keller, Peter"]
[WhiteFideId "35080580"]
[BlackFideId "1272105"]
[WhiteElo "1916"]
[BlackElo "2275"]
[Result "1-0"]
[Round "06"]
[TimeControl "180+1"]
[Date "2022.05.11"]
[WhiteClock "0:00:15"]
[BlackClock "0:00:10"]

1. e4 e5 2. Nf3 Nc6 3. Bb5 Nf6 4. O-O Nxe4 5. d4 Nd6 6. Bxc6 dxc6 7. dxe5 Nf5 8. Qxd8+ Kxd8 9. Nc3 Bd7 10. h3 h6 11. b3 b6 12. Bb2 Kc8 13. Rad1 Be7 14. Ne2 Rd8 15. Nf4 Bf8 16. Rd2 g5 17. Nh5 Be6 18. Rxd8+ Kxd8 19. g4 Ne7 20. Nd4 Bd5 21. Rd1 Kc8 22. Nf6 Kb7 23. c4 Be6 24. Nxe6 fxe6 25. Rd7 c5 26. Kg2 Kc6 27. Kg3 a5 28. a4 Rc8 29. f4 gxf4+ 30. Kxf4 Ng6+ 31. Ke4 Be7 32. Rd3 Rf8 33. Rf3 Rf7 34. Bc1 Bf8 35. Bb2 Bg7 36. Rf2 Kb7 37. Rh2 Nxe5 38. Bxe5 Bxf6 39. Rf2 1-0


[Site "https://www.chess.com"]

[Event "Titled Tuesday Blitz May 10 Early 2022"]
[White "Samunenkov, Ihor"]
[Black "Hakobyan, Aram"]
[WhiteFideId "14187086"]
[BlackFideId "13306677"]
[WhiteElo "2409"]
[BlackElo "2557"]
[Result "0-1"]
[Round "06"]
[TimeControl "180+1"]
[Date "2022.05.10"]
[WhiteClock "0:00:03"]
[BlackClock "0:00:24"]

1. d4 Nf6 2. c4 e6 3. Nc3 Bb4 4. e3 Bxc3+ 5. bxc3 c5 6. Bd3 d6 7. Ne2 Nc6 8. O-O e5 9. e4 h6 10. h3 g5 11. Be3 b6 12. Ng3 Ne7 13. Qf3 Ng6 14. Nf5 Bxf5 15. exf5 Ne7 16. dxe5 dxe5 17. Rad1 Rc8 18. Bc2 Qc7 19. Ba4+ Kf8 20. Bc2 Kg7 21. h4 g4 22. Qg3 Rcd8 23. f3 Rxd1 24. Rxd1 h5 25. Bg5 Rg8 26. Re1 Nc6 27. Ba4 Na5 28. Bb5 Qd6 29. Qxe5 Qxe5 30. Rxe5 Rd8 31. Re7 g3 32. Kf1 Rd1+ 33. Re1 Rd3 34. Bf4 Rxc3 35. Be5 Rc2 36. Rd1 a6 37. Bxa6 Nc6 38. Bxg3 Rxa2 39. Bb5 Nd4 40. Be5 Nxf5 41. g4 Kg6 42. gxf5+ Kxf5 43. Bxf6 Kxf6 44. Rd6+ Ke5 45. Rxb6 f5 46. Rc6 Kf4 47. Rxc5 Rh2 48. Bd7 Kxf3 49. Rxf5+ Ke3 50. Rxh5 Rc2 51. c5 Kf3 52. Rf5+ Ke4 53. Rg5 Kf3 54. Bc6+ Kf4 55. Bb5 Rb2 56. c6 Ke3 57. Re5+ Kf3 58. Rg5 Rb1# 0-1


[Site "https://www.chess.com"]

[Event "Titled Tuesday Blitz May 10 Early 2022"]
[White "Santos Ruiz, Miguel"]
[Black "Nakamura, Hikaru"]
[WhiteFideId "22291482"]
[BlackFideId "2016192"]
[WhiteElo "2486"]
[BlackElo "2850"]
[Result "1-0"]
[Round "06"]
[TimeControl "180+1"]
[Date "2022.05.10"]
[WhiteClock "0:00:09"]
[BlackClock "0:00:04"]

1. e4 g6 2. d4 Bg7 3. Be3 a6 4. f3 b6 5. Qd2 Bb7 6. c4 d6 7. Nc3 Nd7 8. h4 h5 9. Nh3 c5 10. d5 b5 11. cxb5 Qa5 12. a4 Ngf6 13. Be2 axb5 14. Bxb5 Ba6 15. O-O O-O 16. Nf2 Bxb5 17. Nxb5 Nb6 18. Qxa5 Rxa5 19. b3 Nfd7 20. Rab1 Rb8 21. Rfc1 Rb7 22. Kf1 Ra8 23. Bd2 Ne5 24. Ke2 Ned7 25. Nd1 Bf6 26. g3 c4 27. a5 Nxd5 28. exd5 Rxb5 29. bxc4 Rbxa5 30. Bxa5 Rxa5 31. Rc2 Ra3 32. Nf2 Ne5 33. f4 Nf3 34. Ne4 Nd4+ 35. Kd2 Nxc2 36. Nxf6+ exf6 37. Kxc2 Rxg3 38. Rb8+ Kg7 39. c5 Ra3 40. c6 Ra5 41. Kb3 Rc5 42. Rd8 g5 43. fxg5 fxg5 44. hxg5 h4 45. Rxd6 h3 46. Rh6 Rxd5 47. Rxh3 Rb5+ 48. Kc4 Rb6 49. Kc5 Rb2 50. c7 Rc2+ 51. Kd6 Kg6 52. Rf3 Rd2+ 53. Kc6 Rc2+ 54. Kd7 Rd2+ 55. Kc8 Rc2 56. Rf6+ Kg7 57. Rd6 1-0


[Site "https://www.chess.com"]

[Event "Titled Tuesday Blitz May 10 Early 2022"]
[White "Shimanov, Aleksandr"]
[Black "Kruckenhauser, Arthur"]
[WhiteFideId "4198603"]
[BlackFideId "1642812"]
[WhiteElo "2605"]
[BlackElo "2243"]
[Result "1-0"]
[Round "06"]
[TimeControl "180+1"]
[Date "2022.05.10"]
[WhiteClock "0:00:24"]
[BlackClock "0:00:11"]

1. e4 e5 2. Nf3 Nc6 3. Nc3 Nf6 4. h3 Bb4 5. Nd5 Bc5 6. c3 O-O 7. d3 Nxd5 8. exd5 Ne7 9. Nxe5 Nxd5 10. d4 Be7 11. Bd3 d6 12. Nf3 Nf6 13. O-O b6 14. Re1 Bb7 15. Nh4 g6 16. Bh6 Re8 17. Qd2 Nh5 18. Nf3 Bxf3 19. gxf3 Qd7 20. Kg2 d5 21. Re5 Bf6 22. Rxh5 gxh5 23. Qf4 Bg7 24. Rg1 Re6 25. Kh2 Rg6 26. Bxg6 hxg6 27. Bxg7 Kxg7 28. Qe5+ Kh7 29. Re1 Kg8 30. f4 Rd8 31. f5 Qd6 32. Qxd6 Rxd6 33. Re7 Rf6 34. Rxc7 Rxf5 35. Kg2 Rg5+ 36. Kf1 a5 37. Rb7 a4 38. Rxb6 a3 39. bxa3 Rf5 40. a4 Rf3 41. Rc6 Rxh3 42. Kg2 Rd3 43. a5 Rd2 44. Rc5 Rxa2 45. Rxd5 Ra3 46. Rc5 Kf8 47. d5 Ke7 48. c4 Ra4 49. Rc7+ Kf6 50. Rc6+ Ke5 51. a6 g5 52. d6 f5 53. d7 1-0


[Site "https://www.chess.com"]

[Event "Titled Tuesday Blitz May 10 Early 2022"]
[White "Shimelkov, Vasiliy"]
[Black "Demin, Vladimir"]
[WhiteFideId "13701630"]
[BlackFideId "4167457"]
[WhiteElo "2073"]
[BlackElo "2455"]
[Result "1/2-1/2"]
[Round "06"]
[TimeControl "180+1"]
[Date "2022.05.11"]
[WhiteClock "0:01:16"]
[BlackClock "0:00:17"]

1. d4 Nf6 2. Nf3 d5 3. c4 e6 4. Nc3 c6 5. Bg5 h6 6. Bh4 g5 7. Bg3 Ne4 8. e3 Bb4 9. Qc2 Qa5 10. Rc1 Qxa2 11. Bd3 Bxc3+ 12. bxc3 Qxc2 13. Rxc2 Nd7 14. Bxe4 dxe4 15. Nd2 f5 16. f3 exf3 17. gxf3 Kf7 18. h4 Rg8 19. hxg5 hxg5 20. Kf2 Nf6 21. Be5 Bd7 22. e4 Rh8 23. Rcc1 Kg6 24. c5 a5 25. Nc4 fxe4 26. Bxf6 Kxf6 27. fxe4 e5 28. Nxe5 Be6 29. Ke3 a4 30. Rcf1+ Kg7 31. Rhg1 Rh3+ 32. Kd2 Rh2+ 33. Kc1 a3 34. Rxg5+ Kh7 35. Kb1 Rb2+ 36. Ka1 Ra2+ 37. Kb1 Rb2+ 38. Ka1 Ra2+ 39. Kb1 Rb2+ 1/2-1/2


[Site "https://www.chess.com"]

[Event "Titled Tuesday Blitz May 10 Early 2022"]
[White "Shuvalov, Evgenij"]
[Black "Redzisz, Michal"]
[WhiteFideId "4187237"]
[BlackFideId "21816107"]
[WhiteElo "2053"]
[BlackElo "2004"]
[Result "1-0"]
[Round "06"]
[TimeControl "180+1"]
[Date "2022.05.11"]
[WhiteClock "0:00:17"]
[BlackClock "0:00:15"]

1. Nf3 Nf6 2. c4 g6 3. Nc3 d5 4. cxd5 Nxd5 5. Qa4+ c6 6. Qd4 Nf6 7. Qxd8+ Kxd8 8. d4 Bg7 9. e4 Nfd7 10. Be3 e5 11. O-O-O Ke8 12. d5 f6 13. Bc4 Bf8 14. d6 Nb6 15. Bb3 Bg4 16. Rd2 Bxf3 17. gxf3 N8d7 18. f4 Bh6 19. Ne2 Rd8 20. h4 Nc8 21. h5 Kf8 22. hxg6 hxg6 23. fxe5 Kg7 24. Bxh6+ Rxh6 25. Rxh6 Kxh6 26. e6 Ne5 27. e7 Re8 28. f4 Nf3 29. d7 Rxe7 30. dxc8=Q Nxd2 31. Kxd2 Rxe4 32. Qd7 f5 33. Bg8 Kh5 34. Qh7+ Kg4 35. Qxg6+ Kf3 36. Qxf5 Rxe2+ 37. Kd3 Re3+ 38. Kd4 Re2 39. Bf7 Kf2 40. Bh5 Ke1 41. Bxe2 Kxe2 42. Qe5+ Kd2 43. f5 Kc2 44. f6 Kb1 45. f7 Kxa2 46. f8=Q Kxb2 47. Qb4+ Ka2 48. Qea5# 1-0


[Site "https://www.chess.com"]

[Event "Titled Tuesday Blitz May 10 Early 2022"]
[White "Silvestre, Christian"]
[Black "Silva, Mariana Sofia T."]
[WhiteFideId "30956269"]
[BlackFideId "1911899"]
[WhiteElo "2364"]
[BlackElo "1825"]
[Result "1-0"]
[Round "06"]
[TimeControl "180+1"]
[Date "2022.05.11"]
[WhiteClock "0:00:15"]
[BlackClock "0:00:01"]

1. e4 c6 2. Nc3 d5 3. Nf3 Bg4 4. h3 Bxf3 5. Qxf3 e6 6. d3 Nd7 7. g3 Bc5 8. Bg2 Ne7 9. O-O O-O 10. a3 Ng6 11. Qe2 a5 12. Bd2 Nde5 13. Kh2 d4 14. Nd1 Qc7 15. f4 Nd7 16. h4 Rfe8 17. h5 Ngf8 18. h6 g6 19. Nf2 f5 20. g4 Nf6 21. g5 N6d7 22. Rae1 Re7 23. Bh3 e5 24. b4 Ba7 25. exf5 gxf5 26. Bxf5 Rae8 27. Qg4 exf4 28. Ne4 f3+ 29. Bf4 Qd8 30. Rxf3 Bb8 31. Ref1 Bxf4+ 32. Rxf4 Ne5 33. Qh5 Kh8 34. Nf6 Nfg6 35. R4f2 Qd6 36. Kh1 Rf8 37. Be4 Nd7 38. Nxd7 Rxf2 39. Rxf2 Rxd7 40. Qf3 1-0


[Site "https://www.chess.com"]

[Event "Titled Tuesday Blitz May 10 Early 2022"]
[White "Simonovic, Miroslav"]
[Black "Lomaia, Diana"]
[WhiteFideId "919152"]
[BlackFideId "13612476"]
[WhiteElo "2043"]
[BlackElo "1744"]
[Result "1-0"]
[Round "06"]
[TimeControl "180+1"]
[Date "2022.05.11"]
[WhiteClock "0:01:07"]
[BlackClock "0:01:58"]

1. d4 d5 2. Bg5 h6 3. Bh4 c5 4. c3 Nc6 5. e3 Qc7 6. Bg3 Qb6 7. Qb3 c4 8. Qxb6 axb6 9. e4 dxe4 10. Bxc4 e6 11. Bc7 Nf6 12. Nd2 b5 13. Bxb5 Nd5 14. Bg3 f5 15. Ne2 f4 16. Nxf4 e3 17. Ne4 exf2+ 18. Kxf2 Nxf4 19. Bxf4 g5 20. Be5 1-0


[Site "https://www.chess.com"]

[Event "Titled Tuesday Blitz May 10 Early 2022"]
[White "Sokolovsky, Yahli"]
[Black "Azarov, Sergei"]
[WhiteFideId "2820242"]
[BlackFideId "13501470"]
[WhiteElo "1770"]
[BlackElo "2494"]
[Result "1-0"]
[Round "06"]
[TimeControl "180+1"]
[Date "2022.05.10"]
[WhiteClock "0:00:03"]
[BlackClock "0:00:03"]

1. b3 e5 2. Bb2 Nc6 3. e3 Nf6 4. Nf3 Qe7 5. Be2 e4 6. Nd4 Nxd4 7. Bxd4 b6 8. c4 Bb7 9. Bb2 O-O-O 10. Nc3 d5 11. cxd5 Nxd5 12. Nxd5 Rxd5 13. Qc2 Qg5 14. Qxe4 f5 15. Qe6+ Kb8 16. Bf3 Rd6 17. Qe5 Bxf3 18. gxf3 Qd8 19. O-O-O Rd5 20. Qg3 Rc5+ 21. Kb1 Qd3+ 22. Ka1 Rc2 23. Rc1 Bd6 24. Qxg7 Rxc1+ 25. Rxc1 Rd8 26. Qc3 Qe2 27. Ba3 c5 28. f4 Qxf2 29. Bb2 Qxh2 30. Qf6 Kc7 31. d4 Rd7 32. dxc5 Bxc5 33. Qxf5 Qd2 34. Qe4 a5 35. Be5+ Kd8 36. Bf6+ Kc7 37. Be5+ Kd8 38. Rc2 Qxe3 39. Bf6+ Kc7 40. Qxe3 1-0


[Site "https://www.chess.com"]

[Event "Titled Tuesday Blitz May 10 Early 2022"]
[White "Soucek, Petr"]
[Black "Jaskolka, Tomasz"]
[WhiteFideId "23715170"]
[BlackFideId "1170791"]
[WhiteElo "1979"]
[BlackElo "2073"]
[Result "0-1"]
[Round "06"]
[TimeControl "180+1"]
[Date "2022.05.11"]
[WhiteClock "0:00:02"]
[BlackClock "0:00:10"]

1. e4 c5 2. a3 g6 3. h4 h5 4. Bc4 Bg7 5. Nc3 Nc6 6. f4 Nf6 7. e5 Ng4 8. Nf3 d6 9. Ng5 dxe5 10. Bxf7+ Kf8 11. fxe5 Ncxe5 12. Rf1 Bf6 13. Ne6+ Bxe6 14. Bxe6 Kg7 15. d3 Bxh4+ 16. Ke2 Qd6 17. Bb3 Rhf8 18. Ne4 Qd4 19. Bd2 c4 20. Bxc4 Kh7 21. Bb3 Rad8 22. Rxf8 Rxf8 23. Qg1 Bf2 24. Qh1 Rd8 25. Rf1 Nxd3 0-1


[Site "https://www.chess.com"]

[Event "Titled Tuesday Blitz May 10 Early 2022"]
[White "Starozhilov, Leonid"]
[Black "Juhasz, Agoston"]
[WhiteFideId "14106752"]
[BlackFideId "778346"]
[WhiteElo "2414"]
[BlackElo "2211"]
[Result "1-0"]
[Round "06"]
[TimeControl "180+1"]
[Date "2022.05.11"]
[WhiteClock "0:00:07"]
[BlackClock "0:00:03"]

1. e4 e6 2. d3 d5 3. Nd2 Nf6 4. Ngf3 Nc6 5. c3 e5 6. b4 Bd6 7. a3 O-O 8. Bb2 Qe7 9. Be2 Rd8 10. Qc2 a5 11. O-O Bg4 12. h3 Bh5 13. Rfe1 b5 14. Nf1 Bxf3 15. Bxf3 d4 16. cxd4 axb4 17. Qxc6 bxa3 18. dxe5 Bxe5 19. Rxa3 Rxa3 20. Bxa3 Qxa3 21. Qxb5 Qc3 22. Rd1 c5 23. Ne3 Rb8 24. Qc6 Qb2 25. Nc4 Qd4 26. Nxe5 Qxe5 27. Rc1 Qf4 28. Qxc5 Nd7 29. Qc7 Qxc7 30. Rxc7 Ne5 31. d4 Nxf3+ 32. gxf3 Kf8 33. d5 f6 34. Kg2 Rb6 35. f4 Rb3 36. f3 Rd3 37. Rd7 h5 38. h4 g6 39. Kg3 Rd1 40. e5 f5 41. e6 Ke8 42. d6 Re1 43. Re7+ Kd8 44. Kf2 Rd1 45. Rd7+ Ke8 46. Rg7 Rxd6 47. Rxg6 Ke7 48. Rh6 Rxe6 49. Rxh5 Rf6 50. Ke3 Kf7 51. Kd4 Ke6 52. Rg5 Rf7 53. Rg6+ Ke7 54. Ke5 Rh7 55. Kxf5 Rxh4 56. Rg7+ Kf8 57. Ra7 Rh6 58. Kg5 Rb6 59. f5 Rc6 60. f6 Rc1 61. Kf5 Rf1 62. f4 Rf2 63. Ra4 Re2 64. Kg4 Rg2+ 65. Kf5 Rf2 66. Re4 Kf7 67. Re7+ Kf8 68. Ra7 Rf1 69. f7 Rb1 70. Kg5 Rg1+ 71. Kf6 1-0


[Site "https://www.chess.com"]

[Event "Titled Tuesday Blitz May 10 Early 2022"]
[White "Steinberg, Nitzan"]
[Black "Nagy, Gabor"]
[WhiteFideId "2801795"]
[BlackFideId "737119"]
[WhiteElo "2471"]
[BlackElo "2569"]
[Result "1-0"]
[Round "06"]
[TimeControl "180+1"]
[Date "2022.05.10"]
[WhiteClock "0:01:04"]
[BlackClock "0:01:36"]

1. e4 c5 2. Nf3 d6 3. Bb5+ Bd7 4. a4 g6 5. O-O Bg7 6. Re1 Nf6 7. c3 O-O 8. Bf1 Nc6 9. h3 Rc8 10. Na3 a6 11. d3 Ne8 12. Be3 Nc7 13. Nc4 b5 14. Nb6 Rb8 15. Nxd7 Qxd7 16. axb5 axb5 17. d4 b4 18. Qd2 bxc3 19. bxc3 cxd4 20. cxd4 Rfc8 21. Rec1 d5 22. e5 Ne6 23. h4 h5 24. g3 Ned8 25. Kg2 e6 26. Bg5 Ne7 27. Rxc8 Rxc8 28. Qb4 Ndc6 29. Qd6 Qb7 30. Ba6 Qb2 31. Bxc8 Qxa1 32. Bxe7 Nxd4 33. Qd8+ Kh7 34. Ng5+ Kh6 35. Nxf7+ Kh7 36. Ng5+ Kh6 37. Qg8 1-0


[Site "https://www.chess.com"]